AoeStats
← jphilkill

Arena

507659626Analyzed
4v4 RM · 13d ago on Sep 19, 2026· 70m 56s· 8 players
Game mode
Random Map
Map size
Large (8 player)
Population
200
Speed
Normal
Resources
Standard
Victory
Conquest
Starting age
Dark Age
Ending age
Imperial Age
RankedLock teamsTeams togetherTeam positionsShared explorationLock speedFull tech treeHidden civsTurbo modeCheats
Victory
Defeat
🇲🇽 Persians · Mexico
939
+11
🇻🇳 Sicilians · Vietnam
918
+12
🇲🇽 Byzantines · Mexico
864
+14
🇩🇪 Franks · Germany
844
+15
🇦🇺 Bulgarians · Australia
921
-17
🇨🇳 Turks · China
849
-14
🇮🇩 Franks · Indonesia
765
-11
🇨🇳 Celts · China
741
-10
lalulelilo
11:08 Feudal Age
12:19 Wheelbarrow
15:14 Castle Age
14:08 Double-Bit Axe
14:40 Horse Collar
15:32 Town Watch
16:28 Bow Saw
21:09 Hand Cart
21:09 Heavy Plow
24:39 Loom
25:11 Hand Cart
25:52 Gold Mining
31:20 Imperial Age
29:31 Forging
29:27 Scale Barding Armor
29:59 Bloodlines
32:00 Iron Casting
31:45 Chain Barding Armor
32:17 Gold Shaft Mining
31:15 Cavalier
32:04 Husbandry
33:43 Chemistry
33:53 Blast Furnace
33:04 Savar
35:26 Plate Barding Armor
40:36 Heavy Camel Rider
44:22 Heavy Scorpion
47:59 Conscription
51:31 Guilds
52:49 Kamandaran
53:21 Thumb Ring
52:40 Crossbowman
55:51 Ballistics
61:44 Fletching
L0rd Str1d3r
0:27 Loom
10:40 Feudal Age
16:03 Castle Age
15:57 Double-Bit Axe
15:54 Horse Collar
25:57 Bow Saw
32:39 Imperial Age
30:18 Heavy Plow
32:20 Gold Mining
32:21 Stone Mining
33:31 Wheelbarrow
33:21 Forging
33:17 Scale Barding Armor
33:22 Husbandry
34:06 Wheelbarrow
34:06 Crop Rotation
34:37 Two-Man Saw
33:17 Heavy Camel Rider
34:48 Conscription
35:07 Hand Cart
36:56 Fletching
38:50 Iron Casting
38:36 Chain Barding Armor
38:12 Bodkin Arrow
39:05 Hoardings
39:32 Logistica
45:48 Guilds
46:02 Elite Cataphract
51:25 Plate Barding Armor
50:50 Bracer
51:29 Light Cavalry
54:22 Capped Ram
56:14 Siege Ram
62:45 Arson
63:03 Squires
62:51 Gambesons
62:29 Pikeman
64:53 Scale Mail Armor
64:54 Padded Archer Armor
66:46 Hussar
67:09 Halberdier
congtambds
1:29 Loom
10:21 Feudal Age
11:39 Double-Bit Axe
13:51 Horse Collar
14:19 Gold Mining
19:12 Forging
20:10 Scale Mail Armor
26:44 Castle Age
25:28 Stone Mining
27:52 Padded Archer Armor
27:43 Fletching
31:55 Bow Saw
33:44 Iron Casting
33:54 Chain Mail Armor
34:23 Heavy Plow
38:20 First Crusade
40:59 Ballistics
43:43 Imperial Age
41:53 Wheelbarrow
44:33 Hauberk
45:01 Plate Mail Armor
43:56 Elite Serjeant
45:26 Hauberk
45:43 Conscription
48:04 Blast Furnace
49:00 Chemistry
48:41 Crop Rotation
61:24 Gold Shaft Mining
66:43 Capped Ram
67:39 Siege Ram
68:04 Onager
jphilkill
0:38 Loom
12:25 Feudal Age
16:36 Castle Age
14:50 Double-Bit Axe
15:30 Gold Mining
15:53 Stone Mining
19:57 Wheelbarrow
19:34 Bow Saw
24:12 Pikeman
26:44 Hand Cart
30:22 Gold Shaft Mining
30:31 Scale Mail Armor
30:41 Forging
36:27 Imperial Age
34:33 Scale Barding Armor
34:19 Fletching
34:29 Padded Archer Armor
35:05 Iron Casting
34:46 Chain Mail Armor
34:57 Ballistics
35:05 Squires
34:31 Elite Skirmisher
35:13 Husbandry
36:01 Chain Mail Armor
36:43 Bodkin Arrow
37:51 Conscription
38:11 Halberdier
39:23 Plate Mail Armor
38:36 Cavalier
42:56 Chemistry
48:22 Murder Holes
51:35 Blast Furnace
50:57 Chain Barding Armor
50:02 Light Cavalry
55:07 Plate Barding Armor
54:48 Leather Archer Armor
56:38 Siege Engineers
56:44 Masonry
MoNoKrom
11:04 Feudal Age
11:27 Loom
15:55 Castle Age
17:27 Double-Bit Axe
19:01 Wheelbarrow
28:14 Pikeman
29:05 Town Watch
29:17 Stone Mining
29:19 Gold Mining
31:06 Caravan
35:52 Imperial Age
33:39 Squires
37:20 Hand Cart
37:20 Bow Saw
40:04 Chemistry
39:15 Fortified Wall
39:13 Siege Engineers
39:04 Murder Holes
39:27 Masonry
41:08 #83
40:49 Halberdier
42:26 Forging
42:17 Scale Mail Armor
43:46 Husbandry
43:08 Cavalier
46:01 Light Cavalry
48:21 Scale Barding Armor
48:10 Fletching
51:03 Chain Barding Armor
richnoob575
11:06 Feudal Age
15:10 Castle Age
16:04 Double-Bit Axe
17:25 Bow Saw
20:28 Forging
22:49 Wheelbarrow
24:47 Pikeman
26:33 Horse Collar
28:33 Scale Barding Armor
29:12 Iron Casting
30:02 Chain Barding Armor
31:33 Gold Mining
31:56 Stirrups
32:42 Stone Mining
34:02 Loom
37:00 Imperial Age
37:07 Caravan
37:51 Husbandry
38:02 Bloodlines
38:30 Plate Barding Armor
38:56 Blast Furnace
38:19 Conscription
37:21 Elite Konnik
38:20 Heavy Plow
38:09 Onager
39:00 Fletching
41:26 Chemistry
40:47 Ballistics
40:35 Bodkin Arrow
40:26 Siege Onager
43:16 Bracer
43:40 Siege Engineers
45:17 Light Cavalry
47:22 Hussar
49:04 Murder Holes
49:36 Halberdier
50:40 Squires
50:26 Gambesons
50:26 Arson
52:50 Crop Rotation
52:34 Scale Mail Armor
55:15 Hand Cart
55:20 Town Watch
58:05 Masonry
李世民
11:36 Feudal Age
18:40 Castle Age
18:22 Double-Bit Axe
18:18 Horse Collar
21:31 Bow Saw
23:38 Heavy Plow
30:21 Caravan
30:37 Stone Mining
35:09 Imperial Age
33:19 Forging
33:14 Scale Barding Armor
33:29 Gold Mining
35:44 Iron Casting
35:29 Chain Barding Armor
35:24 Husbandry
35:34 Bloodlines
36:27 Conscription
37:39 Blast Furnace
37:14 Plate Barding Armor
36:30 Fletching
36:42 Padded Archer Armor
37:46 Ballistics
38:17 Gold Shaft Mining
38:19 Wheelbarrow
37:29 Loom
37:29 Town Watch
39:38 Two-Man Saw
39:07 Bodkin Arrow
39:27 Leather Archer Armor
39:13 Scale Mail Armor
39:17 Heavy Camel Rider
42:06 Hand Cart
41:51 Town Patrol
43:19 Bombard Tower
42:40 Treadmill Crane
44:59 Masonry
44:46 Murder Holes
44:56 Artillery
53:55 Architecture
53:36 Fortified Wall
56:17 Arrowslits
56:22 Guard Tower
60:55 Keep
61:08 Bracer
61:39 Ring Archer Armor
61:24 Chain Mail Armor
63:15 Plate Mail Armor
69:26 Sappers
菜鸟驿站
7:28 Loom
13:02 Feudal Age
13:52 Horse Collar
18:39 Double-Bit Axe
21:24 Castle Age
21:03 Gold Mining
21:05 Stone Mining
30:12 Wheelbarrow
36:01 Imperial Age
33:18 Pikeman
34:13 Murder Holes
34:29 Fortified Wall
34:41 Ballistics
37:38 Bow Saw
41:45 Siege Engineers
42:44 Chemistry
44:22 Masonry
Connection lost

Rejoining the realm…

Still unreachable

The connection could not be restored.

Session expired

The server has moved on; the page needs a fresh start.